 Dungeon Crawl Stone Soup version 0.29-a0-270-g1586fc07ea (webtiles) character file.

Game seed: 7874046261042052337

13183 drugrobin the Cleaver (level 11, -29/100 HPs)
             Began as a Demigod Fighter on Mar 7, 2022.
             Annihilated by an orc warlord
             ... wielding a +0 broad axe
              (39 damage)
             ... in a bailey.
             The game lasted 00:46:28 (15522 turns).

drugrobin the Cleaver (Demigod Fighter)            Turns: 15522, Time: 00:46:29

Health: -29/100    AC: 10    Str: 29    XL:     11   Next: 44%
Magic:  14/14      EV: 12    Int: 10    God:
Gold:   1274       SH:  0    Dex: 13    Spells: 10/10 levels left

rFire   + . .      SeeInvis .   g - +3 battleaxe (vorpal)
rCold   + . .      Faith    .   (shield currently unavailable)
rNeg    . . .      Spirit   .   S - +0 steam dragon scales
rPois   .          Reflect  .   T - +0 helmet
rElec   .          Harm     .   i - scarf {repulsion}
rCorr   .          Rampage  .   u - +0 pair of gloves
Will    +....                   C - +1 pair of boots
Stlth   +.........              t - amulet of regeneration
HPRegen 1.06/turn               M - ring of protection from cold
MPRegen 0.14/turn               O - ring of protection from fire

@: mighty, repel missiles
A: high MP 1, forlorn, divine attributes
a: no special abilities


You were in a bailey.
You visited 2 branches of the dungeon, and saw 11 of its levels.
You also visited: Sewer, Ossuary and Bailey.

You collected 1274 gold pieces.

Inventory:

Hand Weapons
 a - a +1 war axe
 b - a +0 hand crossbow
 c - the +1 whip of Bread {vorpal, +Blink rElec Int+4}
   (You found it on level 2 of the Dungeon)

   It inflicts extra damage upon your enemies.
   Int:       It affects your intelligence (+4).
   rElec:     It insulates you from electricity.
   +Blink:    It lets you blink.
 d - a +2 mace of venom
 g - a +3 vorpal battleaxe (weapon)
Missiles
 q - 24 poisoned darts
 x - 2 javelins
 U - 27 boomerangs (quivered)
Armour
 i - a scarf of repulsion (worn)
 u - a +0 pair of gloves (worn)
 z - a +0 buckler
 C - a +1 pair of boots (worn)
 S - +0 steam dragon scales (worn)
 T - a +0 helmet (worn)
Jewellery
 e - an amulet of guardian spirit
 t - an amulet of regeneration (around neck)
 M - a ring of protection from cold (left hand)
 O - a ring of protection from fire (right hand)
Wands
 W - a wand of charming (1)
Scrolls
 k - 3 scrolls of fear
 l - 6 scrolls of teleportation
 v - a scroll of amnesia
 w - 2 scrolls of blinking
 y - a scroll of enchant weapon
 E - 2 scrolls of silence {unknown}
 J - 2 scrolls of fog {unknown}
 N - 2 scrolls of noise {unknown}
 Q - a scroll of torment {unknown}
 V - a scroll of brand weapon
 X - a scroll of immolation {unknown}
 Y - 3 scrolls of enchant armour {unknown}
Potions
 f - 3 potions of heal wounds
 h - 4 potions of magic {unknown}
 o - 2 potions of resistance {unknown}
 p - 2 potions of degeneration {unknown}
 D - a potion of ambrosia
 G - a potion of lignification {unknown}
 H - 4 potions of invisibility
 K - 3 potions of haste {unknown}
 L - 6 potions of curing {unknown}


   Skills:
 + Level 10.3 Fighting
 * Level 13.7 Axes
 + Level 4.1 Armour
 + Level 2.0 Dodging
 - Level 3.5 Shields


You had 10 spell levels left.
You didn't know any spells.
Your spell library contained the following spells:

 Spells                   Type           Power      Damage    Failure   Level
 Apportation              Tloc           0%         N/A       36%         1
 Call Canine Familiar     Summ           0%         N/A       75%         3
 Ozocubu's Armour         Ice            0%         N/A       75%         3
 Portal Projectile        Hex/Tloc       0%         N/A       75%         3
 Leda's Liquefaction      Hex/Erth       0%         N/A       98%         4
 Alistair's Intoxication  Tmut/Pois      0%         N/A       100%        5
 Ozocubu's Refrigeration  Ice            0%         4d5       100%        7


Dungeon Overview and Level Annotations

Branches:
Dungeon (10/15)            Temple (0/1) D:5            Lair (1/6) D:9
    Orc (0/2) D:10          Sewer (visited)         Ossuary (visited)
 Bailey (1/1)

Annotations:
D:3 exclusion: downstairs
D:4 1 runed translucent door, Crazy Yiuf
D:8 2 transporters, indyram44's ghost, journeyman TrTm
D:10 Sonja


Innate Abilities, Weirdness & Mutations

You have an increased reservoir of magic. (+10% MP)
You shall have no god before yourself.
Your divine heritage dramatically boosts your attributes as you level up.


Message History

Unknown command.
Unknown command.
Your +2 mace of venom stops dripping with poison.
g - a +3 vorpal battleaxe (weapon)
The orc warlord barely misses you.
You slice the orc warlord!!
The orc warlord is heavily wounded.
The orc warlord closely misses you.
Unknown command.
Unknown command.
You slice the orc warlord!!
The orc warlord is severely wounded.
The orc warlord hits you with a +0 broad axe.
Unknown command.
Unknown command.
You closely miss the orc warlord.
The orc warlord is severely wounded.
The orc warlord hits you with a +0 broad axe!!
Unknown command.
Unknown command.
You barely miss the orc warlord.
The orc warlord is severely wounded.
The orc warlord hits you with a +0 broad axe!
Unknown command.
Unknown command.
You slice the orc warlord!!
The orc warlord is severely wounded.
The orc warlord hits you with a +0 broad axe!!!
* * * LOW HITPOINT WARNING * * *
Unknown command.
Unknown command.
Unknown command.
Unknown command.
Unknown command.
Unknown command.
Unknown command.
You closely miss the orc warlord.
The orc warlord is almost dead.
The orc warlord hits you with a +0 broad axe!!!
You die...

♣♣...≈≈≈.#≈.........≈#.≈≈≈...♣♣
♣∩...≈≈≈.#≈....∩....≈#.≈≈≈...∩♣
♣♣...≈≈≈.##.........##.≈≈≈...♣♣
♣...≈≈≈.#≈..8...8..≈#)≈≈≈...♣
♣♣..###'#≈.........≈#)###..♣♣
♣.##...#≈[?8...8!)≈#...##.♣
♣##....##≈≈#####≈≈##....##♣
##.....)####...####......##
#.......(..o@.............#
#..8..8.............8..8..#
#...............).........#
##.............).........##
##...8...##'')##...8...##
##.....##.)...##.....##
##...##.......##...##
≈≈#####....)....#####≈≈
≈≈≈≈≈≈≈....∩....≈≈≈≈≈≈≈


You could see an orc warlord (very poisoned).

Vanquished Creatures
  Gastronok (D:8)
  A boulder beetle (D:9)
  Pikel (D:4)
  An orc knight (Bailey)
  A manticore (D:9)
  2 cyclopes
  Maggie (D:8)
  Psyche (D:9)
  A kobold demonologist (D:6)
  A shadow (D:9)
  10 yaks
  3 steam dragons
  2 vampire mosquitoes (D:10)
  3 water moccasins
  3 black bears
  3 orc warriors (Bailey)
  3 sky beasts
  3 ice beasts
  4 ogres (D:5)
  5 centaurs
  5 phantoms
  3 lemures (D:4)
  7 kobold brigands
  Blork the orc (D:4)
  7 bullfrogs
  A necrophage (D:5)
  2 gnoll sergeants
  4 scorpions
  8 wights
  14 killer bees
  5 howler monkeys
  8 hounds
  2 orc priests (D:8)
  3 jellies
  4 iguanas
  2 orc wizards
  8 mummies (Ossuary)
  27 gnolls
  13 adders
  3 river rats
  2 shadow imps
  2 ufetubi
  5 worms
  4 dart slugs
  23 orcs
  7 endoplasms
  4 giant cockroaches
  A gnoll zombie (Ossuary)
  15 goblins
  8 hobgoblins
  5 jackals
  41 kobolds
  5 quokkas
  7 ball pythons
  4 bats
  5 frilled lizards
  3 hobgoblin zombies (Ossuary)
  2 kobold zombies (Ossuary)
  2 orc zombies (Ossuary)
  7 rats
329 creatures vanquished.

Vanquished Creatures (others)
  2 kobolds
  10 fungi (D:6)
  2 plants (D:9)
14 creatures vanquished.

Grand Total: 343 creatures vanquished

Notes
Turn   | Place    | Note
-------+----------+-------------------------------------------
     0 | D:1      | drugrobin the Demigod Fighter began the quest for the Orb.
     0 | D:1      | Reached XP level 1. HP: 18/18 MP: 3/3
   168 | D:1      | Reached skill level 2 in Axes
   267 | D:1      | Reached XP level 2. HP: 25/25 MP: 4/4
  1617 | D:2      | Identified the +1 whip of Bread {vorpal, +Blink rElec
                  | Int+4}
  1662 | D:2      | Reached XP level 3. HP: 28/31 MP: 5/5
  2333 | D:1      | Reached XP level 4. HP: 15/38 MP: 6/6
  3380 | D:3      | Found a glowing drain.
  3388 | Sewer    | Entered a sewer
  3631 | Sewer    | Noticed a kobold brigand
  3682 | Sewer    | Killed a kobold brigand
  3683 | Sewer    | Reached skill level 3 in Axes
  3683 | Sewer    | Reached XP level 5. HP: 16/46 MP: 7/7
  5075 | D:3      | You fall into a shaft and drop 1 floor!
  5077 | D:4      | Noticed Blork the orc
  5101 | D:3      | Reached skill level 4 in Axes
  5101 | D:3      | Reached XP level 6. HP: 19/52 MP: 8/8
  6124 | D:4      | Killed Blork the orc
  6125 | D:4      | Reached skill level 5 in Axes
  6339 | D:4      | Reached XP level 7. HP: 53/60 MP: 9/9
  6645 | D:4      | Noticed Pikel
  6663 | D:4      | Killed Pikel
  6664 | D:4      | Reached skill level 5 in Fighting
  6664 | D:4      | Reached skill level 6 in Axes
  6738 | D:4      | Reached skill level 7 in Axes
  6738 | D:4      | Reached XP level 8. HP: 67/70 MP: 10/10
  6758 | D:4      | Noticed a two-headed ogre
  7398 | D:4      | Found a runed translucent door.
  7399 | D:4      | Noticed Crazy Yiuf
  7535 | D:5      | Entered Level 5 of the Dungeon
  7587 | D:5      | Found a sand-covered staircase.
  7595 | Ossuary  | Entered an ossuary
  8039 | D:5      | Reached skill level 8 in Axes
  8535 | D:5      | Reached skill level 9 in Axes
  8535 | D:5      | Reached XP level 9. HP: 43/78 MP: 11/11
  8772 | D:5      | Found a staircase to the Ecumenical Temple.
  9479 | D:6      | Reached skill level 10 in Axes
  9926 | D:6      | Noticed a kobold demonologist
  9937 | D:6      | Killed a kobold demonologist
 10491 | D:7      | Reached skill level 11 in Axes
 10492 | D:7      | Reached XP level 10. HP: 84/89 MP: 13/13
 10997 | D:8      | Noticed Maggie
 11011 | D:8      | Killed Maggie
 11296 | D:8      | Found a transporter.
 11297 | D:8      | Noticed indyram44's ghost (journeyman TrTm)
 11309 | D:8      | Found a transporter.
 11739 | D:8      | Noticed Gastronok
 12127 | D:8      | Reached skill level 12 in Axes
 12185 | D:9      | Noticed Psyche
 12192 | D:9      | Killed Psyche
 12447 | D:9      | Found a staircase to the Lair.
 13053 | D:8      | Killed Gastronok
 13316 | D:8      | Noticed a cyclops
 13337 | D:8      | Killed a cyclops
 13338 | D:8      | Reached skill level 13 in Axes
 13338 | D:8      | Reached XP level 11. HP: 98/99 MP: 14/14
 13727 | D:9      | Identified the +5 falchion of Brutal Revenge {pain, Dex+4}
 13983 | D:9      | Reached skill level 10 in Fighting
 14403 | D:9      | Noticed a boulder beetle
 14421 | D:9      | Killed a boulder beetle
 14422 | D:9      | Reached skill level 1 in Dodging
 14593 | Lair:1   | Entered Level 1 of the Lair of Beasts
 14687 | D:10     | Entered Level 10 of the Dungeon
 14687 | D:10     | Noticed Sonja
 14702 | D:10     | Noticed a skeletal warrior
 14705 | D:10     | Noticed a skeletal warrior
 14708 | D:10     | Noticed a skeletal warrior
 14914 | D:10     | Identified the +5 long sword of Qiqec {vorpal, rPois rC+
                  | rN+ Dex+3}
 14917 | D:10     | Found a flagged portal.
 14926 | Bailey   | Entered a bailey
 15039 | Bailey   | Noticed an orc warlord
 15181 | Bailey   | Noticed an orc knight
 15215 | Bailey   | Killed an orc knight
 15278 | Bailey   | Acquired a +3 vorpal battleaxe
 15312 | Bailey   | Found a runed translucent gate.
 15315 | Bailey   | Found a runed translucent gate.
 15316 | Bailey   | Found a runed translucent gate.
 15522 | Bailey   | Annihilated by an orc warlord

Illustrated notes

Levels and vault maps discovered:
D:1:      mushboom_english_gardens, layout_basic,
          chequers_ecumenical_altar_simple_redux,
          nicolae_concentric_dashed_squares_wild
D:2:      layout_loops_cross
D:3:      layout_loops_cross, chei_slow_surprise, lightli_sewer_entry_pipes,
          lemuel_old_faithful
D:4:      cheibrodos_barr_body, layout_gridville,
          mainiacjoe_overflow_small_starburst, uniq_crazy_yiuf_cottage,
          uniq_blork_the_orc, uniq_pikel
D:5:      minmay_polygon_palace, layout_basic, minmay_temple_entry_sparse_star,
          nicolae_ossuary_entry_ruins
D:6:      kennysheep_steamy, layout_cave_pods, corexii_corridor_pit,
          kennysheep_generic_room_13
D:7:      layout_basic, makhleb_heckhound_becter, ashenzari_altar_1,
          kennysheep_generic_room_2
D:8:      layout_cave_pools, nicolae_wu_jian_immortal_techniques,
          grunt_gozag_statues, mainiacjoe_overflow_alcove_2,
          gammafunk_ghost_hive, grunt_ministairs_11, uniq_maggie, uniq_gastronok
D:9:      minmay_chambers_of_sixes, layout_cave_pods, old_standard_altar,
          nicolae_ru_sacrificial_ziggurat, dpeg_oklobed_lair, uniq_psyche
D:10:     layout_rooms, orc_0_dummy, enter_bailey_5, uniq_sonja
Lair:1:   layout_cave_shapes, nzn_masters_of_martial_movement
Bailey:   bailey_axe_bossmonster_kennysheep, bailey

Skill      XL: |  1  2  3  4  5  6  7  8  9 10 11 |
---------------+----------------------------------+-----
Axes           | 2 3 4 5 7 9 11 13 | 13.7
Fighting       | 3 4 5 6 8 9 10 | 10.3
Shields        | 3 |  3.5
Armour         | 3 4 |  4.1
Dodging        | 2 |  2.0

Action                   |  1- 3 |  4- 6 |  7- 9 | 10-12 || total
-------------------------+-------+-------+-------+-------++-------
Melee: War axe           |    38 |   134 |   424 |   316 ||   912
       Hand axe          |    21 |       |       |       ||    21
       Whip              |    52 |    95 |       |       ||   147
       Mace              |       |       |       |   127 ||   127
       Battleaxe         |       |       |       |    16 ||    16
 Fire: Hand crossbow     |       |       |       |     1 ||     1
Throw: Dart              |       |    25 |    59 |    38 ||   122
       Javelin           |       |       |     1 |     2 ||     3
       Boomerang         |       |       |       |    11 ||    11
 Abil: Evoke Blink       |     1 |       |     1 |       ||     2
Evoke: Wand              |       |       |       |     6 ||     6
  Use: Potion            |       |     3 |       |     2 ||     5
       Scroll            |       |     1 |     1 |    12 ||    14
Armor: Scale mail        |    36 |    92 |   150 |       ||   278
       Steam dragon scal |       |       |     5 |   171 ||   176
Dodge: Dodged            |    48 |   106 |   173 |   211 ||   538
       Repelled          |       |     2 |     2 |     1 ||     5
Block: Buckler           |    26 |    71 |   104 |    91 ||   292

Table legend: (Time is in decaauts)
 A = Elapsed time spent in this place.
 B = Non-inter-level travel time spent in this place.
 C = Inter-level travel time spent in this place.
 D = Time resting spent in this place.
 E = Time spent auto-exploring this place.
 F = Levels seen in this place.
 G = Mean time per level.
                   A        B        C        D        E       F      G
               +--------+--------+--------+--------+--------+-----+--------+
         Total |  15864 |  15242 |    622 |   4463 |   6040 |  14 | 1133.1 |
       Dungeon |  13244 |  12623 |    621 |   3420 |   5525 |  10 | 1324.4 |
          Lair |     20 |     20 |      0 |      0 |      0 |   1 |   20.0 |
         Sewer |   1634 |   1634 |      0 |    906 |    215 |   1 | 1634.0 |
       Ossuary |    366 |    366 |      0 |      5 |    159 |   1 |  366.0 |
        Bailey |    598 |    598 |      0 |    131 |    140 |   1 |  598.0 |
               +--------+--------+--------+--------+--------+-----+--------+

Top non-repeatable levels by time:
     D:9: 1892 daAuts
     D:1: 1650 daAuts
   Sewer: 1634 daAuts
     D:3: 1619 daAuts
     D:7: 1561 daAuts
     D:2: 1498 daAuts
     D:4: 1481 daAuts
     D:5: 1272 daAuts
     D:6: 1145 daAuts
     D:8: 1062 daAuts
  Bailey: 598 daAuts
 Ossuary: 366 daAuts
    D:10: 60 daAuts
  Lair:1: 20 daAuts
